 Dungeon Crawl Stone Soup version 0.17-a0-1378-g281efdd (webtiles) character file.

24 Geeful the Grave Robber (level 2, -1/17 HPs)
             Began as a Demonspawn Necromancer on June 14, 2015.
             Slain by a gnoll (6 damage)
             ... on level 2 of the Dungeon.
             The game lasted 00:08:12 (1704 turns).

Geeful the Grave Robber (Demonspawn Necromancer)    Turns: 1704, Time: 00:08:12

Health: -1/17      AC:  2    Str:  8    XL:     2   Next: 79%
Magic:  7/14       EV: 12    Int: 14    God:
Gold:   75         SH:  0    Dex: 13    Spells: 1 memorised, 4 levels left

rFire  . . .     SeeInvis .     e - +1 short sword
rCold  . . .     Clarity  .     a - +0 robe
rNeg   . . .     SustAt   .     (no shield)
rPois  .         Gourm    .     (no helmet)
rElec  .         Spirit   .     (no cloak)
rCorr  .         Warding  .     (no gloves)
rMut   .         Stasis   .     (no boots)
MR     .....                    (no amulet)
Stlth  ++........               h - -2 ring of intelligence (curse)
                                g - ring of magical power (curse)

@: not resistant to hostile enchantments, unstealthy
A: talons 1, frail 1, slow healing 1
a: no special abilities


You were on level 2 of the Dungeon.
You were hungry.

You visited 1 branch of the dungeon, and saw 2 of its levels.

You collected 75 gold pieces.

Inventory:

Hand weapons
 e - a +1 short sword (weapon)
Armour
 a - a +0 robe (worn)
 f - a +0 buckler
Jewellery
 g - a cursed ring of magical power (left hand)
 h - a cursed -2 ring of intelligence (right hand)
 j - an uncursed ring of see invisible
Scrolls
 i - a scroll of identify
Potions
 d - a potion of curing
Books
 b - a book of Necromancy

   Spells                             Type                      Level
   a - Pain                           Necromancy                   1
   b - Animate Skeleton               Necromancy                   1
   c - Vampiric Draining              Necromancy                   3
   d - Regeneration                   Charms/Necromancy            3
   e - Animate Dead                   Necromancy                   4
   f - Control Undead                 Necromancy                   4
Comestibles
 c - a bread ration


   Skills:
 + Level 2.1 Dodging
 - Level 1.7 Stealth
 + Level 1.0 Shields
 + Level 2.2 Spellcasting
 + Level 4.7 Necromancy


You had 4 spell levels left.
You knew the following spells:

 Your Spells              Type           Power        Failure   Level  Hunger
a - Pain                  Necr           ##..         3%          1    #......


Dungeon Overview and Level Annotations

Branches:
Dungeon (2/15)

Altars:


Innate Abilities, Weirdness & Mutations

You have sharp toenails.
You are frail (-10% HP).
You heal slowly when monsters are visible.


Message History

Your Shields skill increases to level 1!
Casting: Pain
Confirm with . or Enter, or press ? or * to list all spells.
Aiming: Pain
Press: ? - help, Shift-Dir - straight line, f - gnoll
Aim: a gnoll (chance to defeat MR: 79%)
The gnoll barely resists.
The gnoll hits you.
Casting: Pain
Confirm with . or Enter, or press ? or * to list all spells.
Aiming: Pain
Press: ? - help, Shift-Dir - straight line, f/p - gnoll
Aim: a gnoll (chance to defeat MR: 79%)
The gnoll convulses in agony!
The gnoll closely misses you.
Casting: Pain
Confirm with . or Enter, or press ? or * to list all spells.
Aiming: Pain
Press: ? - help, Shift-Dir - straight line, f/p - gnoll
Aim: a gnoll (heavily wounded, chance to defeat MR: 79%)
The gnoll convulses in agony!
The gnoll hits you.
You die...

#...#.#.# #...#.#.
#### ###+#...#
#...g #.......#
#..gg #.......#
#..... #......>#
#...g.### ###.#.#.#
....$...#
#...#.###########.#
#####.@g..........#
#############.....#
#.##..# #.# .. #.#
#.# #.# .#


You could see a gnoll.

Vanquished Creatures
  A gnoll (D:2)
  2 goblins (D:1)
  3 hobgoblins (D:1)
  2 jackals (D:1)
  3 bats (D:1)
  2 giant newts (D:1)
  A kobold (D:1)
  2 rats (D:1)
16 creatures vanquished.

Notes
Turn   | Place    | Note
--------------------------------------------------------------
     0 | D:1      | Geeful the Demonspawn Necromancer began the quest for the Orb.
     0 | D:1      | Reached XP level 1. HP: 13/13 MP: 3/3
   881 | D:1      | Gained mutation: You have sharp toenails. [demonic ancestry]
   881 | D:1      | Reached XP level 2. HP: 13/19 MP: 5/5
  1268 | D:1      | Gained mutation: You heal slowly when monsters are visible. [potion of mutation]
  1268 | D:1      | Gained mutation: You are frail (-10% HP). [potion of mutation]
  1701 | D:2      | Reached skill level 1 in Shields
  1704 | D:2      | Slain by a gnoll

Vault maps used:
D:1:      minmay_arrival_jagged, serial_glass, glass_columns_c, glass_columns_b
D:2:      old_standard_altar, kiku_gazebo_pond_becter

Action                   || total
-------------------------++-------
Melee: Short sword       ||    28
       Unarmed           ||     9
 Cast: Pain              ||    27
  Use: Scroll            ||     5
       Potion            ||     4
 Stab: Sleeping          ||     1
  Eat: Chunk             ||     2
